 Dungeon Crawl Stone Soup version 0.32-a0-42-ga30500b4d3 (webtiles) character file.

Game seed: 8073964617695879303

163 iamserjio the Gusty (level 5, -8/30 HPs)
             Began as a Tengu Air Elementalist on Feb 3, 2024.
             Was a Believer of Jiyva.
             Mangled by an iguana (11 damage)
             ... on level 6 of the Dungeon.
             The game lasted 00:05:24 (697 turns).

iamserjio the Gusty (Tengu Air Elementalist)         Turns: 697, Time: 00:05:25

Health: -8/30      AC:  2    Str:  8    XL:     5   Next: 44%
Magic:  9/9        EV: 12    Int: 17    God:    Jiyva [**....]
Gold:   26         SH:  0    Dex: 15    Spells: 1/8 levels left

rFire   . .          .
                       - Unarmed
rCold   . . .        (no shield)
rNeg    . . .        a - +0 robe
rPois   .            (helmet restricted)
rElec   .            (no cloak)
rCorr   +            (no gloves)
SInv    .            (boots unavailable)
Will    .....        (no amulet)
Stlth   ++           (no ring)
HPRegen 1.21/turn    (no ring)
MPRegen 0.59/turn

%: acrobat
@: no status effects
A: beak, talons 3, acrobatic
a: Renounce Religion


You were on level 6 of the Dungeon.
You worshipped Jiyva.
Jiyva was pleased with you.
You visited 1 branch of the dungeon, and saw 6 of its levels.

You collected 26 gold pieces.

Inventory:

Hand Weapons
 c - a +0 dagger
Missiles
 e - 4 poisoned darts
Armour
 a - a +0 robe (worn)
 d - a +0 ring mail
Scrolls
 f - a scroll of identify {unknown}
Potions
 b - a potion of magic


   Skills:
 - Level 2.2 Fighting
 - Level 2.2 Dodging
 - Level 2.0 Stealth
 * Level 3.7 Unarmed Combat
 - Level 2.3 Spellcasting
 - Level 2.2 Conjurations
 * Level 4.4 Air Magic


You had one spell level left.
You knew the following spells:

 Your Spells              Type           Power      Damage    Failure   Level
a - Shock                 Conj/Air       52%        1d6       4%          1
b - Static Discharge      Conj/Air       26%        3-5/arc   7%          2
c - Airstrike             Air            8%         2d(2-18)  30%         4

Your spell library contained the following spells:

 Spells                   Type           Power      Damage    Failure   Level
 Swiftness                Air            17%        N/A       9%          3


Dungeon Overview and Level Annotations

Branches:
Dungeon (6/15) Zot: 26986
 Temple: D:4-7

Altars:
Jiyva

Annotations:
D:4 1 runed translucent door, Mll's ghost, novice GrFi


Innate Abilities, Weirdness & Mutations

You have a beak for a mouth.
You have claws for feet.
You can magically evade attacks while moving or waiting.


Message History

You hear a distant slurping noise.
You hear a distant slurping noise.
There is an escape hatch in the floor here.
You slide downwards.
The hatch slams shut behind you.
Found 4 poisoned darts and a scroll labelled COXUOF UWKO.
Found two stone staircases leading down.
This spell is extremely dangerous to cast!
You start memorising the spell.
You continue memorising. x4
You finish memorising.
Spell assigned to 'c'.
Found a ring mail.
You see here 4 poisoned darts.
e - 4 poisoned darts
Okay, then.
You enter the shallow water.
Moving in this stuff is going to be slow.
f - a scroll labelled COXUOF UWKO
Found a book of Battle.
There is a stone staircase leading down here.
You climb downwards.
There is a stone staircase leading up here.
You climb upwards.
There is a stone staircase leading down here.
There is a stone staircase leading down here.
You climb downwards.
There is a stone staircase leading up here.
The helpless iguana fails to defend itself.
You hit the iguana but do no damage. The iguana bites you.
You hit the iguana but do no damage. Your kick misses the iguana.
You hear a distant slurping noise.
The iguana bites you!
* * * LOW HITPOINT WARNING * * *
You are too injured to fight recklessly!
You hit the iguana. You claw the iguana. The iguana bites you!
* * * LOW HITPOINT WARNING * * *
Okay, then.
You closely miss the iguana. Your kick misses the iguana. The iguana bites you!
* * * LOW HITPOINT WARNING * * *
Okay, then.
You hit the iguana but do no damage. The iguana bites you!
You die...

###########
#.........#
#.........#
+.........#
#....@....#
#.....l...#
#######+###


You could see an iguana.

Vanquished Creatures
  A phantom (D:4)
  A sleepcap (D:4)
  An orc wizard (D:4)
  A ribbon worm (D:4)
  4 orcs (D:4)
  7 bats
  2 endoplasms (D:1)
  2 giant cockroaches
  2 hobgoblins
  3 kobolds
  A quokka (D:1)
  6 ball pythons
  A frilled lizard (D:1)
  A goblin (D:1)
  A rat (D:1)
34 creatures vanquished.

Vanquished Creatures (others)
  2 endoplasms (D:4)
  A hobgoblin (D:1)
3 creatures vanquished.

Grand Total: 37 creatures vanquished

Notes
Turn   | Place    | Note
-------+----------+-------------------------------------------
     0 | D:1      | iamserjio the Tengu Air Elementalist began the quest for
                  | the Orb.
     0 | D:1      | Reached XP level 1. HP: 10/10 MP: 4/4
    92 | D:1      | Reached XP level 2. HP: 5/15 MP: 1/6
   180 | D:1      | Found a faded altar of an unknown god.
   190 | D:1      | Prayed at the altar of an unknown god.
   190 | D:1      | Became a worshipper of Jiyva Jeukem the Shapeless
   190 | D:1      | Reached * piety under Jiyva
   268 | D:2      | Reached XP level 3. HP: 19/19 MP: 4/7
   340 | D:3      | Learned a level 2 spell: Static Discharge
   434 | D:4      | Reached skill level 1 in Fighting
   434 | D:4      | Reached skill level 1 in Unarmed Combat
   443 | D:4      | Reached XP level 4. HP: 19/25 MP: 5/8
   486 | D:4      | Noticed a phantom
   496 | D:4      | Killed a phantom
   497 | D:4      | Reached XP level 5. HP: 23/30 MP: 9/9
   546 | D:4      | Found a runed translucent door.
   551 | D:4      | Noticed Mll's ghost (novice GrFi)
   579 | D:4      | Reached ** piety under Jiyva
   656 | D:5      | Entered Level 5 of the Dungeon
   662 | D:5      | Learned a level 4 spell: Airstrike
   697 | D:6      | Mangled by an iguana

Illustrated notes

Levels and vault maps discovered:
D:1:      psy_arrival_radial02, layout_basic, dreamdust_ecumenical_altar_grove,
          serial_shops, nicolae_shop_dealshenge, minivault_14
D:2:      layout_loops_ring, uniq_sigmund
D:3:      layout_loops_cross, serial_bayou, serial_bayou_pond_a,
          serial_bayou_shore_b, serial_bayou_ford_a, serial_bayou_shore_b
D:4:      layout_loops_cross, mainiacjoe_overflow_divided_tiny,
          ebering_ghost_reflecting_pool
D:5:      layout_rooms, chequers_serial_rivers_small_b
D:6:      layout_gridville, minmay_temple_entry_from_below_a,
          hellmonk_ghost_happy_afterlife

Skill      XL: |  1  2  3  4 |
---------------+-------------+-----
Conjurations   | 2 |  2.2
Fighting       | 1 2 |  2.2
Unarmed Combat | 2 3 |  3.7
Dodging        | |  2.2
Stealth        | |  2.0
Spellcasting   | |  2.3
Air Magic      | |  4.4

Action                     |  1- 3 |  4- 6 || total
---------------------------+-------+-------++-------
  Melee: Dagger            |    28 |       ||    28
         Kick              |     7 |     5 ||    12
         Unarmed           |     3 |    23 ||    26
         Peck              |     5 |     3 ||     8
   Cast: Shock             |    39 |     7 ||    46
         Static Discharge  |       |     3 ||     3
    Use: Potion            |       |     1 ||     1
   Stab: Sleeping          |     2 |     1 ||     3
 Armour: Robe              |    20 |    26 ||    46
  Dodge: Dodged            |    61 |     8 ||    69

Table legend: (Time is in decaauts)
 A = Elapsed time spent in this place.
 B = Non-inter-level travel time spent in this place.
 C = Inter-level travel time spent in this place.
 D = Time resting spent in this place.
 E = Time spent auto-exploring this place.
 F = Levels seen in this place.
 G = Mean time per level.
                   A        B        C        D        E       F      G
               +--------+--------+--------+--------+--------+-----+--------+
         Total |    697 |    668 |     29 |      0 |     11 |   6 |  116.2 |
       Dungeon |    697 |    668 |     29 |      0 |     11 |   6 |  116.2 |
               +--------+--------+--------+--------+--------+-----+--------+

Top non-repeatable levels by time:
     D:4: 236 daAuts
     D:1: 213 daAuts
     D:2: 112 daAuts
     D:3: 94 daAuts
     D:5: 34 daAuts
     D:6: 6 daAuts
